 Dungeon Crawl Stone Soup version 0.30.1-11-g7821555f0a (webtiles) character file.

Game seed: 1489734905783610010

42 BigPumpCobain the Ruffian (level 3, 0/29 HPs)
             Began as a Draconian Transmuter on Dec 3, 2023.
             Slain by Sigmund
             ... wielding a +0 vampiric scythe
              (4 damage)
             ... on level 2 of the Dungeon.
             The game lasted 00:02:37 (1218 turns).

BigPumpCobain the Ruffian (Draconian Transmuter)    Turns: 1218, Time: 00:02:37

Health: 0/29       AC:  5    Str: 12    XL:     3   Next: 35%
Magic:  6/6        EV: 12    Int: 21    God:
Gold:   44         SH:  0    Dex: 11    Spells: 6/7 levels left

rFire   . .          .
                       - Unarmed
rCold   . . .        (no shield)
rNeg    . . .        (body armour unavailable)
rPois   .            (helmet restricted)
rElec   .            (no cloak)
rCorr   .            (no gloves)
SInv    .            (no boots)
Will    +....        (no amulet)
Stlth   +            i - ring of willpower
HPRegen 0.24/turn    b - +6 ring of intelligence
MPRegen 0.10/turn

%: no passive effects
@: confused
A: AC +5, unfitting armour, cold-blooded
a: no special abilities


You were on level 2 of the Dungeon.
You visited 1 branch of the dungeon, and saw 2 of its levels.

You collected 44 gold pieces.

Inventory:

Hand Weapons
 c - a +1 dagger of holy wrath
Jewellery
 b - a +6 ring of intelligence (right hand)
 i - a ring of willpower (left hand)
Potions
 a - a potion of lignification
 e - a potion of attraction
 h - a potion of heal wounds {unknown}


   Skills:
 + Level 2.0 Fighting
 - Level 1.7 Dodging
 + Level 3.3 Unarmed Combat
 + Level 2.5 Spellcasting
 + Level 2.5 Transmutations


You had 6 spell levels left.
You knew the following spells:

 Your Spells              Type           Power      Damage    Failure   Level
a - Beastly Appendage     Tmut           26%        N/A       4%          1

Your spell library contained the following spells:

 Spells                   Type           Power      Damage    Failure   Level
 Wereblood                Tmut           13%        N/A       8%          2
 Kiss of Death            Conj/Necr      8%         2d6       14%         1
 Slow                     Hex            8%         N/A       14%         1
 Spider Form              Tmut/Pois      8%         N/A       26%         3
 Confusing Touch          Hex            2%         N/A       38%         3
 Vampiric Draining        Necr           2%         2d6       38%         3
 Ice Form                 Ice/Tmut       8%         N/A       63%         4
 Dispel Undead            Necr           2%         3d7       80%         4


Dungeon Overview and Level Annotations

Branches:
Dungeon (2/15)

Altars:

Shops:
D:2 (

Annotations:
D:2 Sigmund


Innate Abilities, Weirdness & Mutations

Your plain brown scales are hard. (AC +5)
You cannot fit into any form of body armour.
You are cold-blooded and may be slowed by cold attacks.


Message History

Sigmund is lightly wounded.
The rat bites you but does no damage.
Sigmund hits you with a +0 vampiric scythe!
Sigmund draws strength from your wounds!
You barely miss Sigmund. The rat barely misses you.
You hit Sigmund. You tail-slap Sigmund.
Sigmund is moderately wounded.
Sigmund points at you and mumbles some strange words.
You resist with almost no effort. The rat closely misses you.
You barely miss Sigmund.
Sigmund is moderately wounded.
The rat misses you.
Sigmund hits you with a +0 vampiric scythe.
Your magical contamination has completely faded away.
You hit Sigmund but do no damage.
Sigmund is moderately wounded.
The rat barely misses you.
You barely miss Sigmund.
Sigmund is moderately wounded.
Sigmund gestures wildly while chanting.
Sigmund flickers and vanishes!
Deactivating autopickup; reactivate with Ctrl-A.
The rat bites you.
You completely miss something.
Your tail-slap misses something.
Something hits you!
* * * LOW HITPOINT WARNING * * *
The rat bites you.
* * * LOW HITPOINT WARNING * * *
You closely miss something. The rat closely misses you.
Something barely misses you.
You hit something. The rat bites you but does no damage.
You barely miss something.
You hear some strange, mumbled words.
You are confused.
The rat barely misses you. Something barely misses you.
You closely miss the rat. The rat bites you but does no damage.
You hit the rat.
The rat is severely wounded.
Something hits you.
You die...

#.#.# ####. ....
..#. .# #.#.# ...
........ ..#
#.#.#.#.#..#
............#
#.#.#.#.#r#.#
.........@.{.#
#.#.#.#.#.#..##..
..................
#.#.#.#.#.#...###.#
............#..#
#.#.#.#.#.#.#....
...........##..###
.#.#.#.#.#.##(..
.................
..# ...


You could see a rat.

Vanquished Creatures
  An adder (D:2)
  A dart slug (D:1)
  3 ball pythons
  3 endoplasms
  3 giant cockroaches (D:1)
  6 goblins
  A hobgoblin (D:1)
  2 quokkas (D:1)
  3 bats (D:1)
  3 frilled lizards (D:1)
  4 kobolds (D:1)
  3 rats (D:1)
33 creatures vanquished.

Notes
Turn   | Place    | Note
-------+----------+-------------------------------------------
     0 | D:1      | BigPumpCobain the Draconian Transmuter began the quest for
                  | the Orb.
     0 | D:1      | Reached XP level 1. HP: 16/16 MP: 3/3
   288 | D:1      | Reached XP level 2. HP: 23/23 MP: 3/5
   918 | D:1      | Reached XP level 3. HP: 20/29 MP: 6/6
  1063 | D:2      | Identified the +0 robe of Rinnaorgh {rF+ Int+2}
  1075 | D:2      | Found Nafur's Antique Weapon Shop.
  1201 | D:2      | Noticed Sigmund
  1218 | D:2      | Slain by Sigmund

Illustrated notes

Levels and vault maps discovered:
D:1:      minmay_arrival_wavy_path, layout_basic, minmay_small_reverse_x
D:2:      layout_loops_ring, hellmonk_ecumenical_altar_inner_sanctum,
          serial_shops, shop, hex_large, hangedman_decor_riveting, uniq_sigmund

Skill      XL: |  1  2  3 |
---------------+----------+-----
Fighting       | 2 |  2.0
Dodging        | |  1.7
Unarmed Combat | |  3.3
Spellcasting   | |  2.5
Transmutations | |  2.5

Action                     || total
---------------------------++-------
  Melee: Unarmed           ||    91
         Tailslap          ||     7
         Kick              ||    12
         Headbutt          ||     5
         Punch             ||     1
   Cast: Beastly Appendage ||    17
    Use: Scroll            ||     4
 Armour: Skin              ||    31
  Dodge: Dodged            ||    65
